AoeStats
← Cinnamoroll

Hill Fort

506581718Analyzed
4v4 RM · 18d ago on Sep 14, 2026· 15m 37s· 8 players
Game mode
Random Map
Map size
Large (8 player)
Population
200
Speed
Normal
Resources
Standard
Victory
Conquest
Starting age
Dark Age
Ending age
Imperial Age
RankedLock teamsTeams togetherTeam positionsShared explorationLock speedFull tech treeHidden civsTurbo modeCheats
Victory
Defeat
🇦🇷 Hindustanis · Argentina
1629
+9
🇨🇱 Franks · Chile
1464
+15
🇨🇱 Saracens · Chile
1448
+16
🇨🇱 Koreans · Chile
1182
+26
🇨🇦 Spanish · Canada
1502
-19
🇦🇺 Gurjaras · Australia
1438
-16
🇮🇳 Burgundians · India
1428
-16
🇦🇺 Armenians · Australia
1412
-15
Cinnamoroll
9:48 Feudal Age
10:17 Double-Bit Axe
10:13 Horse Collar
12:23 Loom
SpawnShark
10:30 Feudal Age
10:10 Loom
OKOK
5:07 Double-Bit Axe
9:27 Feudal Age
8:03 Horse Collar
10:42 Bow Saw
11:49 Heavy Plow
12:23 Fishing Lines
13:27 Wheelbarrow
Hemsy124
10:49 Feudal Age
15:19 Castle Age
13:45 Double-Bit Axe
AiM | Walter Quiver
6:17 Loom
8:28 Feudal Age
11:06 Fletching
Canelo
9:16 Feudal Age
8:13 Loom
9:47 Double-Bit Axe
15:04 Horse Collar
DD2E Badu Lake
10:08 Feudal Age
11:19 Double-Bit Axe
15:39 Fletching
DD2E shaulitox
7:20 Loom
9:44 Feudal Age
10:22 Double-Bit Axe
Connection lost

Rejoining the realm…

Still unreachable

The connection could not be restored.

Session expired

The server has moved on; the page needs a fresh start.